 Dungeon Crawl Stone Soup version 0.17-a0-1920-gafa4d75 (webtiles) character file.

308 derrpe the Chiller (level 5, -13/38 HPs)
             Began as a Demigod Ice Elementalist on Sept 27, 2015.
             Mangled by an ogre
             ... wielding a +0 giant club
              (17 damage)
             ... on level 4 of the Dungeon.
             The game lasted 00:06:30 (3909 turns).

derrpe the Chiller (Demigod Ice Elementalist)       Turns: 3909, Time: 00:06:31

Health: -13/38     AC: 10    Str: 11    XL:     5   Next: 94%
Magic:  0/10       EV: 12    Int: 21    God:
Gold:   170        SH:  5    Dex: 16    Spells: 2 memorised, 4 levels left

rFire  . . .     SeeInvis .     D - +2 whip (drain)
rCold  . . .     Clarity  .     d - +0 leather armour
rNeg   . . .     SustAt   +     w - +0 buckler
rPois  .         Gourm    .     x - +0 helmet
rElec  .         Spirit   .     (no cloak)
rCorr  .         Warding  .     (no gloves)
rMut   .         Stasis   .     (no boots)
MR     .....                    (no amulet)
Stlth  ++........               (no ring)
                                C - ring of flight (curse)

@: lethally poisoned (-13 -> -14), icy armour, very slightly contaminated, not
resistant to hostile enchantments, unstealthy
A: high mp 1, sustain attributes
a: Evoke Flight


You were on level 4 of the Dungeon.
You were hungry.

You visited 1 branch of the dungeon, and saw 4 of its levels.

You collected 170 gold pieces.

Inventory:

Hand weapons
 D - a +2 whip of draining (weapon)
Armour
 d - a +0 leather armour (worn)
 w - a +0 buckler (worn)
 x - a +0 helmet (worn)
Jewellery
 C - a cursed ring of flight (left hand)
Scrolls
 e - 2 scrolls of identify {unknown}
 i - 2 scrolls of recharging {unknown}
 j - a scroll of magic mapping {unknown}
 l - 2 scrolls of teleportation {unknown}
 q - a scroll of remove curse {unknown}
 s - a scroll of random uselessness {unknown}
 t - 2 scrolls of enchant weapon {unknown}
 u - 3 scrolls of enchant armour {unknown}
 v - a scroll of blinking {unknown}
 y - a scroll of noise {unknown}
Potions
 a - a potion of mutation {unknown}
 f - 3 potions of brilliance {unknown}
 g - a potion of heal wounds {unknown}
 k - 2 potions of might {unknown}
 n - 2 potions of flight {unknown}
 o - a potion of poison {unknown}
 r - a potion of curing {unknown}
 z - a potion of haste {unknown}
 B - a potion of agility {unknown}
Books
 b - a book of Frost

   Spells                             Type                      Level
   a - Freeze                         Ice                          1
   b - Throw Frost                    Conjuration/Ice              2
   c - Ozocubu's Armour               Charms/Ice                   3
   d - Throw Icicle                   Conjuration/Ice              4
   e - Summon Ice Beast               Ice/Summoning                4
   f - Condensation Shield            Ice                          4
Comestibles
 c - 3 bread rations {@e1}
 m - a beef jerky
 A - 4 chunks of flesh {@w0}


   Skills:
 - Level 1.7 Dodging
 - Level 1.7 Stealth
 + Level 3.8 Shields
 - Level 2.1 Spellcasting
   Level 0.8 Conjurations
 - Level 1.0 Charms
 - Level 4.4 Ice Magic


You had 4 spell levels left.
You knew the following spells:

 Your Spells              Type           Power        Failure   Level  Hunger
a - Freeze                Ice            ###.         4%          1    #......
b - Ozocubu's Armour      Chrm/Ice       ##......     21%         3    ###....


Dungeon Overview and Level Annotations

Branches:
Dungeon (4/15)             Temple (0/1) D:4

Shops:
D:4 *


Innate Abilities, Weirdness & Mutations

You have an increased reservoir of magic (+10% MP).
Your attributes are resistant to harm.


Message History

You freeze the ogre.
The ogre is heavily wounded.
The ogre barely misses you.
Casting: Freeze
Confirm with . or Enter, or press ? or * to list all spells.
Aiming: Freeze
Press: ? - help, Shift-Dir - straight line, f/p - ogre
Aim: an ogre, wielding a giant club (heavily wounded)
You freeze the ogre.
The ogre is severely wounded.
You feel sick.
Casting: Freeze
Confirm with . or Enter, or press ? or * to list all spells.
Aiming: Freeze
Press: ? - help, Shift-Dir - straight line, f/p - ogre
Aim: an ogre, wielding a giant club (severely wounded)
You miscast Freeze.
You are very lightly contaminated with residual magic.
Your hands feel numb with cold.
The ogre hits you with a giant club!
You die...

##.....###..###....
#.##...#.......###
#.# .##..#.##..##.
#.# .##..#.##..##.
#.# .##..#)##..##.
#†# .##. #..(^....
#.# .##........##.
#O# .###.####..##.
#@# #. ##..##. #.#
# ....... #.#
##.###. #.# ..# #.
#.# #############.
#.###.............
#.....############
#######


You could see an ogre.

Vanquished Creatures
  A hound (D:4)
  An orc wizard (D:4)
  5 worker ants
  3 gnolls
  4 adders
  A worm (D:2)
  5 orcs
  6 bats
  4 hobgoblins
  2 jackals (D:2)
  3 giant cockroaches
  5 giant geckos
  3 giant newts (D:1)
  4 goblins
  4 kobolds (D:1)
  5 rats
56 creatures vanquished.

Notes
Turn   | Place    | Note
--------------------------------------------------------------
     0 | D:1      | derrpe the Demigod Ice Elementalist began the quest for the Orb.
     0 | D:1      | Reached XP level 1. HP: 14/14 MP: 5/5
   113 | D:1      | Reached skill level 3 in Ice Magic
   673 | D:1      | Reached XP level 2. HP: 15/20 MP: 7/7
  1405 | D:2      | Reached XP level 3. HP: 10/26 MP: 2/8
  1607 | D:2      | Learned a level 3 spell: Ozocubu's Armour
  1670 | D:2      | Reached skill level 4 in Ice Magic
  1865 | D:2      | Found an opulent altar of Gozag.
  2110 | D:2      | Reached XP level 4. HP: 31/33 MP: 7/9
  2376 | D:3      | Reached skill level 1 in Charms
  2859 | D:3      | Reached skill level 1 in Shields
  3292 | D:4      | Reached XP level 5. HP: 24/38 MP: 3/10
  3781 | D:4      | Found a staircase to the Ecumenical Temple.
  3824 | D:4      | Found Quash's Assorted Antiques.
  3881 | D:4      | Noticed an ogre
  3909 | D:4      | Mangled by an ogre

Vault maps used:
D:1:      dpeg_arrival_rooms_b
D:2:      lemuel_upstairs_altar, nicolae_gozag_seed_capital,
          kennysheep_crisscross
D:4:      minmay_temple_entry_purple_smoke, serial_shops, shop

Action                   |  1- 3 |  4- 6 || total
-------------------------+-------+-------++-------
Melee: Dagger            |    66 |       ||    66
       Spear             |    30 |    25 ||    55
       Whip              |       |     8 ||     8
 Cast: Freeze            |    36 |    48 ||    84
       Ozocubu's Armour  |       |     1 ||     1
 Stab: Sleeping          |     9 |     5 ||    14
  Eat: Chunk             |     4 |     4 ||     8
       Beef jerky        |       |     1 ||     1
